 Dungeon Crawl Stone Soup version 0.32-a0-40-g2adb59ae06 (webtiles) character file.

Game seed: 16197531881196349131

305 Newt the Insei (level 6, -1/40 (42) HPs)
             Began as an Octopode Shapeshifter on Jan 24, 2024.
             Slain by a wight
             ... wielding a +0 long sword
              (2 damage)
             ... on level 6 of the Dungeon.
             The game lasted 00:03:28 (2832 turns).

Newt the Insei (Octopode Shapeshifter)              Turns: 2832, Time: 00:03:29

HP:   -1/40 (42)    AC:  1    Str: 13    XL:     6   Next: 39%
MP:   6/6           EV: 13    Int: 12    God:
Gold: 146           SH:  0    Dex: 14    Spells: 5/5 levels left

rFire   . .          .
                       - Unarmed
rCold   . . .        (no shield)
rNeg    . . .        (helmet currently unavailable)
rPois   .            (no amulet)
rElec   .            (no ring)
rCorr   .            (no ring)
SInv    .            (no ring)
Will    .....        (no ring)
Stlth   ++           (no ring)
HPRegen 0.26/turn    (no ring)
MPRegen 0.10/turn    (no ring)
                     (no ring)

%: no passive effects
@: beast-form, lightly drained
A: beast (slay +1), almost no armour, amphibious, 8 rings, camouflage 1,
gelatinous body 1, (nimble swimmer 1), tentacles
a: Begin Untransformation


You were on level 6 of the Dungeon.
You were a hulking beast.
You visited 1 branch of the dungeon, and saw 4 of its levels.

You collected 146 gold pieces.

Inventory:

Talismans
 b - a beast talisman
 c - a flux talisman
Wands
 f - a wand of iceblast (7)
Scrolls
 k - a scroll of teleportation
 l - a scroll of acquirement {unknown}
 m - a scroll of fog {unknown}
 n - a scroll of enchant armour {unknown}
Potions
 a - 3 potions of lignification
 e - a potion of mutation
 j - a potion of resistance
 o - a potion of degeneration {unknown}


   Skills:
 - Level 3.0 Fighting
 - Level 2.0 Dodging
 - Level 6.0 Unarmed Combat
 + Level 3.4 Shapeshifting


You had 5 spell levels left.
You didn't know any spells.
Your spell library contained the following spells:

 Spells                   Type           Power      Damage    Failure   Level
 Gell's Gravitas          Tloc           0%         N/A       69%         3
 Summon Forest            Summ/Tloc      0%         N/A       100%        5
 Shatter                  Erth           0%         3d5*      100%        9


Dungeon Overview and Level Annotations

Branches:
Dungeon (3/15)

Altars:
Yredelemnul
Zin

Annotations:
D:6 3 runed translucent doors, ggggg's ghost, novice MiFi; ggggg's ghost, novice MiMo


Innate Abilities, Weirdness & Mutations

You are a hulking beast.
Your limbs bulge with bestial killing power. (Slay +1)
You cannot wear most types of armour.
You are amphibious.
You can wear up to eight rings at the same time.
Your skin changes colour to match your surroundings (Stealth+).
Your rubbery body absorbs attacks. (AC +1, EV +1)
((You are camouflaged when in or above water. (Stealth+)))
You have tentacles for arms and can constrict up to eight enemies at once.


Message History

A wight comes into view. It is wielding a +0 long sword.
A wight is nearby!
Ggggg's ghost grins evilly.
The wight hits you with a +0 long sword!
* * * LOW HITPOINT WARNING * * *
You feel drained.
* * * LOW HITPOINT WARNING * * *
You tentacle-slap the wight but do no damage.
Your grab misses the wight. Your squeeze misses the wight.
Ggggg's ghost makes a sound of rattling chains.
The wight barely misses you.
Unknown command.
You barely miss the wight. Your grab misses the wight.
You squeeze the wight, but do no damage.
The wight misses you.
Unknown command.
You barely miss the wight. Your grab misses the wight.
You squeeze the wight, but do no damage.
The wight hits you with a +0 long sword!
* * * LOW HITPOINT WARNING * * *
You feel drained.
* * * LOW HITPOINT WARNING * * *
Unknown command.
You tentacle-slap the wight. Your grab misses the wight.
The wight is lightly damaged.
The wight closely misses you.
Unknown command.
Unknown command.
You tentacle-slap the wight but do no damage.
You grab the wight.
The wight is lightly damaged.
You constrict the wight, but do no damage.
The wight closely misses you.
Unknown command.
You bludgeon the wight!
You squeeze the wight, but do no damage.
The wight is severely damaged.
You constrict the wight.
The wight hits you with a +0 long sword.
You die...

..#. #.... ...#..###...
...+..#.... ...+....#.#
...+....#)# ..W#.. #†.# ##
..W#..##.### .. ###
#)..z...# .. #.#
####h.#..###. #.# #.###....
#.# ###.# #..%# ##.# #...#
##.### #####..### #.### #..#
#........#####.#####(##
#...........##.......#
#...........................
#...........################


You could see a wight and 2 ghosts called ggggg.

Vanquished Creatures
  3 wights (D:6)
  A sleepcap (D:6)
  Ijyb (D:3)
  Robin (D:3)
  3 adders
  3 dart slugs
  A ribbon worm (D:3)
  3 ball pythons
  3 endoplasms
  4 giant cockroaches
  9 goblins
  8 hobgoblins
  2 jackals (D:1)
  2 quokkas (D:3)
  5 bats
  4 frilled lizards
  2 kobolds (D:1)
  5 rats
60 creatures vanquished.

Notes
Turn   | Place    | Note
-------+----------+-------------------------------------------
     0 | D:1      | Newt the Octopode Shapeshifter began the quest for the Orb.
     0 | D:1      | Reached XP level 1. HP: 13/13 MP: 1/1
   156 | D:1      | Reached XP level 2. HP: 16/19 MP: 2/2
   350 | D:1      | Reached XP level 3. HP: 25/25 MP: 3/3
   398 | D:1      | Found a faded altar of an unknown god.
  1232 | D:2      | Found a glowing silver altar of Zin.
  1635 | D:3      | Reached XP level 4. HP: 22/31 MP: 4/4
  1728 | D:3      | Noticed Robin
  1738 | D:3      | Killed Robin
  1739 | D:3      | Reached skill level 4 in Unarmed Combat
  2090 | D:3      | Noticed Ijyb
  2104 | D:3      | Killed Ijyb
  2465 | D:3      | Reached XP level 5. HP: 26/36 MP: 5/5
  2507 | D:3      | Got the Atlas of the Transposed Tektite
  2694 | D:3      | Found a basalt altar of Yredelemnul.
  2695 | D:3      | You fall into a shaft and drop 3 floors!
  2721 | D:6      | Reached skill level 5 in Unarmed Combat
  2795 | D:6      | Found a runed translucent gate.
  2795 | D:6      | Found a runed translucent gate.
  2795 | D:6      | Found a runed translucent gate.
  2811 | D:6      | Reached XP level 6. HP: 8/42 MP: 6/6
  2819 | D:6      | Reached skill level 6 in Unarmed Combat
  2826 | D:6      | Noticed ggggg's ghost (novice MiFi)
  2826 | D:6      | Noticed ggggg's ghost (novice MiMo)
  2829 | D:6      | HP: 1/40 [wight/+0 long sword (2)]
  2832 | D:6      | Slain by a wight

Illustrated notes

Levels and vault maps discovered:
D:1:      minmay_arrival_four_loops, layout_basic,
          hellmonk_ecumenical_altar_zigzags
D:2:      layout_basic, basic_altar
D:3:      layout_loops_cross, grunt_temple_overflow_holy_war, uniq_ijyb,
          uniq_robin
D:6:      layout_rooms, gammafunk_ghost_cemetery, uniq_jeremiah, uniq_eustachio

Skill      XL: |  1  2  3  4  5  6 |
---------------+-------------------+-----
Fighting       | 2 3 |  3.0
Unarmed Combat | 4 5 6 |  6.0
Dodging        | |  2.0
Shapeshifting  | |  3.4

Action                     |  1- 3 |  4- 6 || total
---------------------------+-------+-------++-------
  Melee: Unarmed           |    61 |    68 ||   129
         Constrict         |    19 |    15 ||    34
         Tentacles         |     9 |    18 ||    27
         Punch             |     3 |     2 ||     5
  Evoke: Wand              |       |     6 ||     6
    Use: Scroll            |     6 |     4 ||    10
         Potion            |       |     5 ||     5
   Stab: Sleeping          |     6 |     3 ||     9
         Paralysed         |       |     2 ||     2
 Armour: Skin              |    21 |    38 ||    59
  Dodge: Dodged            |    34 |    39 ||    73

Table legend: (Time is in decaauts)
 A = Elapsed time spent in this place.
 B = Non-inter-level travel time spent in this place.
 C = Inter-level travel time spent in this place.
 D = Time resting spent in this place.
 E = Time spent auto-exploring this place.
 F = Levels seen in this place.
 G = Mean time per level.
                   A        B        C        D        E       F      G
               +--------+--------+--------+--------+--------+-----+--------+
         Total |   2822 |   2795 |     27 |    610 |   1791 |   4 |  705.5 |
       Dungeon |   2822 |   2795 |     27 |    610 |   1791 |   4 |  705.5 |
               +--------+--------+--------+--------+--------+-----+--------+

Top non-repeatable levels by time:
     D:3: 1080 daAuts
     D:2: 858 daAuts
     D:1: 748 daAuts
     D:6: 135 daAuts
